 Dungeon Crawl Stone Soup version 0.17.0-28-g6e173f8 (webtiles) character file.

270 xeno23 the Gusty (level 5, 0/41 HPs)
             Began as a Demigod Air Elementalist on Nov 25, 2015.
             Succumbed to a worker ant's poison
             ... on level 4 of the Dungeon on Nov 26, 2015.
             The game lasted 00:14:12 (2254 turns).

xeno23 the Gusty (Demigod Air Elementalist)         Turns: 2254, Time: 00:14:12

Health: 0/41       AC:  4    Str: 13    XL:     5   Next: 70%
Magic:  0/12       EV: 12    Int: 24    God:
Gold:   118        SH:  0    Dex: 18    Spells: 4 memorised, 1 level left

rFire  . . .     SeeInvis .     k - +2 dagger (flame)
rCold  . . .     Clarity  .     a - +0 robe
rNeg   . . .     SustAt   +     (no shield)
rPois  .         Gourm    .     e - +0 helmet
rElec  .         Spirit   .     d - +0 cloak
rCorr  .         Warding  .     (no gloves)
rMut   .         Stasis   +     (no boots)
MR     .....                    t - amulet of stasis
Stlth  ++........               u - ring of wizardry
                                g - +2 ring of dexterity

@: brilliant, lethally poisoned (0 -> -15), flying, repel missiles, not
resistant to hostile enchantments, unstealthy
A: high mp 1, sustain attributes
a: no special abilities


You were on level 4 of the Dungeon.
You were not hungry.

You visited 1 branch of the dungeon, and saw 4 of its levels.

You collected 118 gold pieces.

Inventory:

Hand Weapons
 k - a +2 dagger of flaming (weapon)
Missiles
 A - 14 poisoned needles
Armour
 a - a +0 robe (worn)
 d - a +0 cloak (worn)
 e - a +0 helmet (worn)
Jewellery
 g - a +2 ring of dexterity (left hand)
 t - an amulet of stasis (around neck)
 u - a ring of wizardry (right hand)
 w - an uncursed ring of wizardry
Wands
 x - a wand of random effects (34)
Scrolls
 h - a scroll of magic mapping {unknown}
 m - a scroll of fog {unknown}
 n - 4 scrolls of identify {unknown}
 o - a scroll of teleportation {unknown}
 p - a scroll of amnesia {unknown}
 r - a scroll of remove curse
 y - a scroll of enchant armour {unknown}
 C - a scroll of enchant weapon {unknown}
Potions
 i - 4 potions of flight
 j - a potion of brilliance
 q - a potion of heal wounds {unknown}
 v - a potion of poison {unknown}
 z - a potion of invisibility {unknown}
 E - 2 potions of curing {unknown}
Books
 b - a book of Air

   Spells                             Type                      Level
   a - Shock                          Conjuration/Air              1
   b - Swiftness                      Charms/Air                   2
   c - Repel Missiles                 Charms/Air                   2
   d - Static Discharge               Conjuration/Air              3
   e - Lightning Bolt                 Conjuration/Air              5
Comestibles
 c - 4 bread rations
 f - a slice of pizza
 l - 2 meat rations
 s - 3 fruits
 B - a beef jerky
 D - 2 chunks of flesh


   Skills:
 + Level 1.9 Fighting
 + Level 1.1 Armour
 - Level 1.7 Dodging
 - Level 1.7 Stealth
 + Level 2.9 Spellcasting
 + Level 2.7 Conjurations
 + Level 3.9 Air Magic


You had one spell level left.
You knew the following spells:

 Your Spells              Type           Power        Failure   Level  Hunger
a - Shock                 Conj/Air       ####         1%          1    None
b - Swiftness             Chrm/Air       ####....     1%          2    ##.....
q - Static Discharge      Conj/Air       ####....     1%          3    ###....
r - Repel Missiles        Chrm/Air       ####..       1%          2    ##.....


Dungeon Overview and Level Annotations

Branches:
Dungeon (4/15)
 Temple: D:4-7

Annotations:
D:3 Statics's ghost, amateur GrFi


Innate Abilities, Weirdness & Mutations

You have an increased reservoir of magic (+10% MP).
Your attributes are resistant to harm.


Message History

* * * LOW HITPOINT WARNING * * *
The lightning grounds out.
* * * LOW HITPOINT WARNING * * *
You feel sick. The worker ant closely misses you.
You take 4 damage.
Unknown command.
Drink which item? (? for menu, Esc to quit)
It was a potion of flight.
You feel very buoyant.
You fly up into the air.
* * * LOW HITPOINT WARNING * * *
You feel sick. The worker ant bites you.
* * * LOW HITPOINT WARNING * * *
You are more poisoned.
The worker ant poisons you!
You take 6 damage.
Drink which item? (? for menu, Esc to quit)
It was a potion of brilliance.
You feel clever all of a sudden.
You die...

# ######## ........
######## #
#################
.................
...########.....########
......a@................
...###.####.....########
#. ############## #.
#........ #. #......##
.. #......# .. #......#
.# #####.### #.#†.


You could see a worker ant.

Vanquished Creatures
  A scorpion (D:4)
  Jessica (D:2)
  A worker ant (D:4)
  Natasha (thrice) (D:3 D:4)
  6 adders
  An ooze (D:2)
  An adder skeleton (D:3)
  4 giant geckos
  3 orcs (D:3)
  5 bats
  8 goblins
  14 hobgoblins
  3 quokkas
  5 giant cockroaches
  5 giant newts
  9 kobolds
  4 rats
74 creatures vanquished.

Notes
Turn   | Place    | Note
--------------------------------------------------------------
     0 | D:1      | xeno23 the Demigod Air Elementalist began the quest for the Orb.
     0 | D:1      | Reached XP level 1. HP: 14/14 MP: 5/5
    20 | D:1      | Reached skill level 1 in Conjurations
   215 | D:1      | Reached XP level 2. HP: 18/20 MP: 5/7
   518 | D:1      | Reached skill level 3 in Air Magic
   751 | D:2      | Found a burning altar of Makhleb.
   757 | D:2      | Reached XP level 3. HP: 26/26 MP: 2/9
   835 | D:2      | Found a white marble altar of Elyvilon.
   863 | D:2      | Noticed Jessica
   881 | D:2      | Killed Jessica
  1137 | D:2      | Reached XP level 4. HP: 27/33 MP: 6/10
  1504 | D:3      | Noticed Natasha
  1534 | D:3      | Killed Natasha
  1580 | D:3      | Reached skill level 1 in Fighting
  1722 | D:3      | Reached skill level 1 in Armour
  1722 | D:3      | Reached XP level 5. HP: 22/40 MP: 3/12
  1742 | D:3      | Learned a level 2 spell: Swiftness
  1745 | D:3      | Learned a level 2 spell: Repel Missiles
  1749 | D:3      | Learned a level 3 spell: Static Discharge
  1774 | D:3      | Found a basalt altar of Yredelemnul.
  1790 | D:3      | Noticed Statics's ghost (amateur GrFi)
  1977 | D:3      | Noticed Natasha
  1981 | D:3      | Killed Natasha
  1993 | D:3      | Noticed Natasha
  2000 | D:4      | Killed Natasha
  2253 | D:4      | HP: 1/41 [worker ant (5)]
  2254 | D:4      | Succumbed to a worker ant's poison

Action                   |  1- 3 |  4- 6 || total
-------------------------+-------+-------++-------
Melee: Dagger            |    43 |    44 ||    87
 Cast: Shock             |    68 |    80 ||   148
       Static Discharge  |       |     2 ||     2
       Repel Missiles    |       |     1 ||     1
  Use: Scroll            |     1 |       ||     1
       Potion            |       |     2 ||     2
 Stab: Sleeping          |       |     1 ||     1
  Eat: Chunk             |     1 |     4 ||     5
